 Dungeon Crawl Stone Soup version 0.32-a0-120-gfac0567ad4 (webtiles) character file.

Game seed: 12974076549456869502

346 cforsyth the Trooper (level 6, -9/49 HPs)
             Began as a Djinni Warper on Feb 7, 2024.
             Mangled by an ogre
             ... wielding a +0 giant club
              (22 damage)
             ... on level 5 of the Dungeon.
             The game lasted 00:09:23 (4397 turns).

cforsyth the Trooper (Djinni Warper)                Turns: 4397, Time: 00:09:24

Health: -9/49      AC:  3    Str: 10    XL:     6   Next: 90%
Gold:   199        EV: 11    Int: 22    God:
                   SH:  0    Dex: 13

rFire   + + .        a - +4 dagger (flame)
rCold   x . .        (no shield)
rNeg    . . .        b - +0 leather armour
rPois   ∞            (no helmet)
rElec   .            (no cloak)
rCorr   .            (no gloves)
SInv    .            (boots unavailable)
Will    .....        (no amulet)
Stlth   +            I - +6 ring of intelligence
HPRegen 0.28/turn    (no ring)
MPRegen 0.00/turn

%: infuse magic (-10 HP)
@: on blink cooldown, flying, very slightly contaminated
A: sickness immunity, fire resistance 2, cold vulnerability 1, float, innate
caster, HP casting, extra vitality 1
a: no special abilities


You were on level 5 of the Dungeon.
You visited 1 branch of the dungeon, and saw 5 of its levels.

You collected 199 gold pieces.


Innate Abilities, Weirdness & Mutations

You are immune to sickness and miasma.
You are immune to poison.
Your flesh is very heat resistant. (rF++)
You are vulnerable to cold. (rC-)
You float through the air rather than walking.
You learn spells naturally, not from books.
Your magical power is your life essence.
You have superior vitality. (+4 MHP)


   Skills:
 + Level 5.0 Fighting
 - Level 1.7 Long Blades
 - Level 0.7 Throwing
 - Level 1.0 Armour
 - Level 2.1 Dodging
 + Level 4.5 Spellcasting
 + Level 4.5 Conjurations
 + Level 4.5 Hexes
 + Level 4.5 Summonings
 + Level 4.5 Necromancy
 + Level 4.5 Translocations
 + Level 4.5 Fire Magic
 + Level 4.5 Ice Magic
 + Level 4.5 Air Magic
 + Level 4.5 Earth Magic
 + Level 4.5 Alchemy


You knew the following spells:

 Your Spells              Type           Power      Damage    Failure   Level
l - Lesser Beckoning      Tloc           50%        N/A       3%          2
m - Manifold Assault      Tloc           25%        N/A       22%         4
t - Teleport Other        Tloc           25%        N/A       7%          3
z - Summon Small Mammal   Summ           100%       N/A       2%          1
B - Blink                 Tloc           50%        N/A       3%          2
X - Vhi's Electric Charg  Tloc/Air       50%        N/A       22%         4
Y - Scorch                Fire           50%        2d7       3%          2
Your spell library was empty.

Inventory:

Hand Weapons
 a - a +4 dagger of flaming (weapon)
 h - a +0 falchion
Missiles
 d - 4 darts of dispersal (quivered) {=f=f}
 o - 10 poisoned darts
Armour
 b - a +0 leather armour (worn)
Magical Staves
 n - a staff of death {!a!a}
Jewellery
 I - a +6 ring of intelligence (left hand)
Scrolls
 c - 2 scrolls of blinking
 f - a scroll of enchant armour {unknown}
 g - 2 scrolls of fear {unknown}
 k - a scroll of identify {unknown}
 q - a scroll of poison {unknown}
 r - a scroll of teleportation {unknown}
 s - 2 scrolls of revelation {unknown}
Potions
 e - 3 potions of curing {unknown}
 i - a potion of might {unknown}
 j - a potion of magic {unknown}
 l - a potion of heal wounds {unknown}
 m - 2 potions of attraction {unknown}
 p - a potion of haste {unknown}

Dungeon Overview and Level Annotations

Branches:
Dungeon (5/15)
 Temple: D:4-7

Altars:
Hepliaklqana
Nemelex Xobeh
Trog
Zin

Annotations:
D:2 Sigmund

#######
.......
#######.....).
#.>...@....?..
#....O........
#...b..###.#..
#......## #
#.......#
##.##..##
#######.#...#
#.......#...#
#<......#..##


You could see an ogre (ally target) and a friendly bat (summoned).


Message History

Nothing appears to happen.
Casting: Summon Small Mammal (safe; 2% risk of failure)
Confirm with . or Enter, or press ? or * to list all spells.
You miscast Summon Small Mammal.
Nothing appears to happen.
Casting: Summon Small Mammal (safe; 2% risk of failure)
Confirm with . or Enter, or press ? or * to list all spells.
The ogre hits you with a +0 giant club!!
Ouch! That really hurt!
* * * LOW HITPOINT WARNING * * *
Unknown command.
Casting: Summon Small Mammal (safe; 2% risk of failure)
Confirm with . or Enter, or press ? or * to list all spells.
You blink.
* * * LOW HITPOINT WARNING * * *
Your bat hits the ogre. x2
Your bat barely misses the ogre.
Casting: Blink (safe; 3% risk of failure)
Confirm with . or Enter, or press ? or * to list all spells.
Okay, then.
Unknown command.
Unknown command.
Unknown command.
Found a scroll labelled ENOUF ZOGUER.
Your bat hits the ogre.
Unknown command.
Found a battleaxe.
Your bat hits the ogre but does no damage.
Unknown command.
Unknown command.
The ogre hits you with a +0 giant club!!
You die...

Skill      XL: |  1  2  3  4  5  6 |
---------------+-------------------+-----
Spellcasting   | 3 4 |  4.5
Conjurations   | 3 4 |  4.5
Hexes          | 3 4 |  4.5
Summonings     | 3 4 |  4.5
Necromancy     | 3 4 |  4.5
Translocations | 3 4 |  4.5
Fire Magic     | 3 4 |  4.5
Ice Magic      | 3 4 |  4.5
Air Magic      | 3 4 |  4.5
Earth Magic    | 3 4 |  4.5
Alchemy        | 3 4 |  4.5
Fighting       | 3 4 5 |  5.0
Long Blades    | |  1.7
Throwing       | |  0.7
Armour         | |  1.0
Dodging        | |  2.1

Action                     |  1- 3 |  4- 6 || total
---------------------------+-------+-------++-------
  Melee: Falchion          |    65 |       ||    65
         Punch             |     3 |     3 ||     6
         Dagger            |    42 |   136 ||   178
  Throw: Dart              |     1 |     2 ||     3
   Cast: Summon Small Mamm |    14 |    28 ||    42
         Blink             |       |     1 ||     1
   Stab: Sleeping          |       |     2 ||     2
         Distracted        |       |     1 ||     1
 Armour: Leather armour    |    82 |    91 ||   173
  Dodge: Dodged            |    90 |   100 ||   190

Levels and vault maps discovered:
D:1:      psy_arrival_statuary, layout_basic, hex_tiny, st_stairs_5
D:2:      layout_basic, dk_noncrumbling_3, uniq_sigmund
D:3:      layout_loops_corners, ebering_ecumenical_altar_webs,
          uniq_crazy_yiuf_cottage
D:4:      layout_gridville, minitemple
D:5:      layout_basic, nicolae_kikubaaqudgha_miasma_corner,
          minmay_temple_entry_ruins

Notes
Turn   | Place    | Note
-------+----------+-------------------------------------------
     0 | D:1      | cforsyth the Djinni Warper began the quest for the Orb.
     0 | D:1      | cforsyth set off with the following spells memorised:
                  | Blink, Lesser Beckoning, Teleport Other, Manifold Assault,
                  | Vhi's Electric Charge.
     0 | D:1      | Reached XP level 1. HP: 18/18 MP: 0/0
   114 | D:1      | Reached skill level 3 in Spellcasting
   114 | D:1      | Reached skill level 3 in Conjurations
   114 | D:1      | Reached skill level 3 in Hexes
   114 | D:1      | Reached skill level 3 in Summonings
   114 | D:1      | Reached skill level 3 in Necromancy
   114 | D:1      | Reached skill level 3 in Translocations
   114 | D:1      | Reached skill level 3 in Fire Magic
   114 | D:1      | Reached skill level 3 in Ice Magic
   114 | D:1      | Reached skill level 3 in Air Magic
   114 | D:1      | Reached skill level 3 in Earth Magic
   114 | D:1      | Reached skill level 3 in Alchemy
   181 | D:1      | Reached XP level 2. HP: 9/23 MP: 0/0
   566 | D:1      | Reached XP level 3. HP: 29/29 MP: 0/0
   566 | D:1      | Learned a level 1 spell: Summon Small Mammal
   822 | D:1      | Reached skill level 3 in Fighting
  1081 | D:2      | Noticed Sigmund
  1474 | D:2      | Reached XP level 4. HP: 31/35 MP: 0/0
  2689 | D:3      | Found a faded altar of an unknown god.
  2958 | D:4      | Reached XP level 5. HP: 34/40 MP: 0/0
  2958 | D:4      | Learned a level 2 spell: Scorch
  3184 | D:4      | Reached skill level 4 in Fighting
  3207 | D:4      | Reached skill level 4 in Spellcasting
  3207 | D:4      | Reached skill level 4 in Conjurations
  3207 | D:4      | Reached skill level 4 in Hexes
  3207 | D:4      | Reached skill level 4 in Summonings
  3207 | D:4      | Reached skill level 4 in Necromancy
  3207 | D:4      | Reached skill level 4 in Translocations
  3207 | D:4      | Reached skill level 4 in Fire Magic
  3207 | D:4      | Reached skill level 4 in Ice Magic
  3207 | D:4      | Reached skill level 4 in Air Magic
  3207 | D:4      | Reached skill level 4 in Earth Magic
  3207 | D:4      | Reached skill level 4 in Alchemy
  3403 | D:4      | You are sucked into a shaft and drop 1 floor!
  3403 | D:5      | Entered Level 5 of the Dungeon
  3460 | D:5      | Reached XP level 6. HP: 36/48 MP: 0/0
  3967 | D:4      | Reached skill level 5 in Fighting
  4047 | D:4      | Found a hazy altar of Hepliaklqana.
  4048 | D:4      | Found a sparkling altar of Nemelex Xobeh.
  4048 | D:4      | Found a bloodstained altar of Trog.
  4051 | D:4      | Found a glowing silver altar of Zin.
  4389 | D:5      | Noticed an ogre
  4397 | D:5      | Mangled by an ogre

Vanquished Creatures
  2 scorpions
  A hound (D:4)
  An iguana (D:4)
  A gnoll (D:4)
  4 adders
  2 ufetubi (D:5)
  A dart slug (D:1)
  3 orcs
  5 endoplasms
  4 giant cockroaches
  10 goblins
  11 hobgoblins
  6 jackals
  10 kobolds
  5 quokkas
  8 ball pythons
  3 bats
  3 frilled lizards
  6 rats
86 creatures vanquished.

Vanquished Creatures (collateral kills)
  2 gnolls (D:4)
  A ribbon worm (D:3)
  2 jackals (D:4)
  A ball python (D:4)
6 creatures vanquished.

Grand Total: 92 creatures vanquished

Table legend: (Time is in decaauts)
 A = Elapsed time spent in this place.
 B = Non-inter-level travel time spent in this place.
 C = Inter-level travel time spent in this place.
 D = Time resting spent in this place.
 E = Time spent auto-exploring this place.
 F = Levels seen in this place.
 G = Mean time per level.
                   A        B        C        D        E       F      G
               +--------+--------+--------+--------+--------+-----+--------+
         Total |   4402 |   4249 |    153 |     13 |   3280 |   5 |  880.4 |
       Dungeon |   4402 |   4249 |    153 |     13 |   3280 |   5 |  880.4 |
               +--------+--------+--------+--------+--------+-----+--------+

Top non-repeatable levels by time:
     D:4: 1283 daAuts
     D:1: 1179 daAuts
     D:3: 971 daAuts
     D:2: 756 daAuts
     D:5: 210 daAuts

Table legend:
 A = Non-vault XP
 B = Vault XP
 C = Vault XP percentage of total XP
 D = Non-vault monster count
 E = Vault monster count
 F = Vault count percentage of total count
                 A         B        C        D         E       F
            +---------+---------+-------+---------+---------+-------
      Total |     491 |       4 |   0.8 |      90 |       2 |   2.2
            +---------+---------+-------+---------+---------+-------
        D:1 |      53 |       4 |   7.0 |      31 |       2 |   6.1
        D:2 |      27 |       0 |   0.0 |      16 |       0 |   0.0
        D:3 |      50 |       0 |   0.0 |      15 |       0 |   0.0
        D:4 |     258 |       0 |   0.0 |      25 |       0 |   0.0
        D:5 |     103 |       0 |   0.0 |       3 |       0 |   0.0
            +---------+---------+-------+---------+---------+-------
